Boston Bruins vs Toronto Maple Leafs
Created - Wednesday, April 26, 2023 at 07:09
Goals
|
| Boston Bruins |
0 |
1 |
3 |
1 |
5 |
| Toronto Maple Leafs |
0 |
1 |
3 |
0 |
4 |
|
Shots
|
| Boston Bruins |
1 |
9 |
14 |
1 |
25 |
| Toronto Maple Leafs |
13 |
12 |
13 |
0 |
38 |
|
1st period
No Goal
Penalties :
No Penalty
2nd period
1. Boston Bruins , Joel Farabee 13 (Matt Grzelcyk 5) at 7:30
2. Toronto Maple Leafs , Jonas Siegenthaler 1 (Trevor Zegras 14, Troy Terry 16) at 8:30 (PP)
Penalties :
Vincent Trocheck (BOS) for Tripping (Minor) at 0:44, Charlie McAvoy (BOS) for Hooking (Minor) at 4:57, Charlie McAvoy (BOS) for Roughing (Minor) at 7:54, Charlie McAvoy (BOS) for Holding (Minor) at 9:47, Kyle Okposo (TOR) for Goalie Interference (Minor) at 13:22
3rd period
3. Boston Bruins , Brock McGinn 3 (Matt Grzelcyk 6, Brandon Hagel 5) at 5:52
4. Toronto Maple Leafs , Adam Henrique 13 (Cody Ceci 10, Kyle Okposo 12) at 6:00
5. Toronto Maple Leafs , Adam Henrique 14 (Luke Schenn 7, Andrew Mangiapane 14) at 11:00
6. Boston Bruins , Phil Kessel 19 (Vincent Trocheck 27) at 14:36 (PP)
7. Toronto Maple Leafs , Trevor Zegras 8 (Troy Terry 17, Pierre Engvall 7) at 18:08
8. Boston Bruins , Pavel Zacha 18 (Phil Kessel 26, Vincent Trocheck 28) at 19:09
Penalties :
Sean Durzi (BOS) for Slashing (Minor) at 3:44, Sam Bennett (TOR) for Holding (Minor) at 14:35
Overtime #1
9. Boston Bruins , Pavel Zacha 19 (Joel Farabee 15, Phil Kessel 27) at 0:57
Penalties :
No Penalty
Goalie Stats
David Rittich (BOS), 34 saves from 38 shots - (0.895), W, 11-11-3, 60:26 minutes
Cam Talbot (TOR), 20 saves from 25 shots - (0.800), OTL, 15-6-2, 60:57 minutes
Players Stats for Boston Bruins
Player Name G A P +/- PIM S H SB GA TA FO MP PP MP PK MP
------------------------------------------------------------------------------------
Anthony Beauvillier 0 0 0 0 0 0 0 0 0 0 0/1 10:32 0:00 1:57
Brandon Hagel 0 1 1 -1 0 3 2 1 0 2 0/0 13:01 0:00 0:00
Brock McGinn 1 0 1 -1 0 2 0 0 1 0 0/0 12:46 0:00 0:00
Charlie McAvoy 0 0 0 0 6 2 4 0 1 1 0/0 24:44 1:12 2:25
Danton Heinen 0 0 0 0 0 0 0 0 1 0 0/0 7:55 0:00 0:00
Joel Farabee 1 1 2 2 0 3 1 0 1 0 0/0 17:25 0:55 1:59
Joonas Donskoi 0 0 0 1 0 0 2 1 0 0 1/1 15:18 0:55 0:00
Mason Appleton 0 0 0 0 0 0 0 0 0 0 0/0 3:33 0:00 0:00
Matt Grzelcyk 0 2 2 1 0 2 1 0 0 0 0/0 13:03 0:00 0:26
Morgan Geekie 0 0 0 -1 0 0 2 0 0 0 3/7 13:20 0:00 0:26
Pavel Zacha 2 0 2 1 0 4 2 1 0 0 0/2 17:33 1:05 2:44
Phil Kessel 1 2 3 0 0 2 1 1 0 1 0/0 20:27 1:05 4:32
Ryan Donato 0 0 0 1 0 2 2 1 0 0 5/10 17:03 0:55 1:45
Samuel Girard 0 0 0 0 0 1 2 1 0 0 0/0 27:30 1:12 5:21
Sean Durzi 0 0 0 0 2 0 6 1 0 0 0/0 20:27 0:48 2:24
Tyson Barrie 0 0 0 1 0 1 0 2 1 0 0/0 21:23 0:48 3:11
Victor Mete 0 0 0 0 0 0 0 1 0 0 0/0 15:08 0:00 3:17
Vincent Trocheck 0 2 2 0 2 3 2 0 0 0 18/35 24:03 1:05 3:41
Players Stats for Toronto Maple Leafs
Player Name G A P +/- PIM S H SB GA TA FO MP PP MP PK MP
------------------------------------------------------------------------------------
Adam Henrique 2 0 2 2 0 6 3 0 0 1 5/10 18:39 3:30 0:34
Andrew Mangiapane 0 1 1 1 0 5 2 1 0 0 1/1 19:28 3:30 0:59
Brady Tkachuk 0 0 0 -2 0 3 2 0 0 2 1/3 20:58 5:02 0:34
Cody Ceci 0 1 1 0 0 2 0 3 0 0 0/0 22:18 3:05 1:05
Colin Miller 0 0 0 1 0 0 1 3 0 1 0/0 14:49 0:00 0:00
Craig Smith 0 0 0 -1 0 1 0 0 1 0 0/0 8:35 0:00 0:00
Dougie Hamilton 0 0 0 -2 0 2 2 0 0 0 0/0 27:22 5:27 0:55
Jonas Siegenthaler 1 0 1 0 0 1 0 0 0 1 0/0 20:38 5:27 0:55
Josh Bailey 0 0 0 0 0 0 0 1 1 0 0/2 15:05 0:00 0:00
Kyle Okposo 0 1 1 1 2 2 0 0 0 0 0/1 14:01 0:00 0:00
Luke Schenn 0 1 1 1 0 0 2 2 0 0 0/0 13:02 0:00 0:00
Mario Ferraro 0 0 0 -2 0 1 2 4 0 0 0/0 23:45 3:05 1:05
Nicolas Roy 0 0 0 -1 0 2 2 1 1 0 2/5 9:02 0:00 0:27
Pierre Engvall 0 1 1 -1 0 2 0 0 0 0 0/0 9:02 0:00 0:27
Sam Bennett 0 0 0 -2 2 1 5 0 0 0 15/24 20:23 5:02 0:00
Scott Laughton 0 0 0 0 0 2 2 0 0 0 3/7 12:52 0:00 0:59
Trevor Zegras 1 1 2 1 0 5 1 0 0 0 1/1 15:07 3:30 0:00
Troy Terry 0 2 2 0 0 3 2 0 1 0 1/2 16:40 5:02 0:00
3 Stars
1 - Adam Henrique (TOR)
2 - Pavel Zacha (BOS)
3 - Phil Kessel (BOS)
Power Play
Boston Bruins - 1 on 2 Attempt(s) - 50.00%
Toronto Maple Leafs - 1 on 5 Attempt(s) - 20.00%
Penalty Kill
Boston Bruins - 4 on 5 Attempt(s) - 80.00%
- Score 0 goal in Penalty Kill
Toronto Maple Leafs - 1 on 2 Attempt(s) - 50.00%
- Score 0 goal in Penalty Kill
Team Stat
Boston Bruins - Hits : 27 - Faceoff Wins : 27 - Blocked Shots : 10 - Penalty Minutes : 10
Toronto Maple Leafs - Hits : 26 - Faceoff Wins : 29 - Blocked Shots : 15 - Penalty Minutes : 4
Official
Referees : Mark Lemelin and Dennis LaRue
Linesman : Vaughan Rody and Andy McElman
Game Notes
No Game Note
Finance
Level 1 -- Attendance: 6000 (100.00%) -- Ticket Income $564,000
Level 2 -- Attendance: 4632 (92.64%) -- Ticket Income $250,128
Level 3 -- Attendance: 2869 (95.63%) -- Ticket Income $94,677
Level 4 -- Attendance: 4495 (89.90%) -- Ticket Income $94,395
Luxury Box -- Attendance: 1000 (100.00%) -- Ticket Income $193,000
Game was played at the Air Canada Centre.
Total Attendance: 18996 (94.98%)
Total Ticket Income: $1,196,200
Other Income: $418,670
Total Income: $1,614,870
Boston Bruins
5 vs 5 Forward
Center Left Wing Right Wing Time % Phy DF OF
1 Vincent Trocheck Pavel Zacha Phil Kessel 40 1 2 2
2 Ryan Donato Joel Farabee Joonas Donskoi 30 1 2 2
3 Morgan Geekie Brandon Hagel Brock McGinn 20 1 2 2
4 Vincent Trocheck Anthony Beauvillier Danton Heinen 10 1 2 2
5 vs 5 Defense
Defense Defense Time % Phy DF OF
1 Charlie McAvoy Samuel Girard 40 1 2 2
2 Tyson Barrie Sean Durzi 30 1 2 2
3 Matt Grzelcyk Victor Mete 20 1 2 2
4 Charlie McAvoy Samuel Girard 10 1 2 2
PowerPlay Forward
Center Left Wing Right Wing Time % Phy DF OF
1 Vincent Trocheck Pavel Zacha Phil Kessel 60 1 2 2
2 Ryan Donato Joel Farabee Joonas Donskoi 40 1 2 2
PowerPlay Defense
Defense Defense Time % Phy DF OF
1 Charlie McAvoy Samuel Girard 60 1 2 2
2 Tyson Barrie Sean Durzi 40 1 2 2
Penalty Kill 4 Players Forward
Center Wing Time % Phy DF OF
1 Vincent Trocheck Phil Kessel 60 1 2 2
2 Pavel Zacha Joel Farabee 40 1 2 2
Penalty Kill 4 Players Defense
Defense Defense Time % Phy DF OF
1 Charlie McAvoy Samuel Girard 60 1 2 2
2 Tyson Barrie Sean Durzi 40 1 2 2
Penalty Kill - 3 Players Forward
Forward Time % Phy DF OF
1 Vincent Trocheck 60 1 2 2
2 Phil Kessel 40 1 2 2
Penalty Kill - 3 Players Defense
Defense Defense Time % Phy DF OF
1 Charlie McAvoy Samuel Girard 60 1 2 2
2 Tyson Barrie Sean Durzi 40 1 2 2
4 vs 4 Forward
Center Wing Time % Phy DF OF
1 Vincent Trocheck Phil Kessel 60 1 2 2
2 Pavel Zacha Joel Farabee 40 1 2 2
4 vs 4 Defense
Defense Defense Time % Phy DF OF
1 Charlie McAvoy Samuel Girard 60 1 2 2
2 Tyson Barrie Sean Durzi 40 1 2 2
Last Minutes Offensive
Center Left Wing Right Wing Defense Defense
Vincent Trocheck Pavel Zacha Phil Kessel Charlie McAvoy Samuel Girard
Last Minutes Defensive
Center Left Wing Right Wing Defense Defense
Vincent Trocheck Pavel Zacha Phil Kessel Charlie McAvoy Samuel Girard
Goaltenders
Starting : David Rittich
Backup : Olivier Rodrigue
Extra Forwards
Normal : Mason Appleton, Brandon Hagel, Anthony Beauvillier - PP : Mason Appleton, Brandon Hagel - PK : Anthony Beauvillier
Extra Defensemen
Normal : Matt Grzelcyk, Victor Mete, Tyson Barrie - PP : Matt Grzelcyk - PK : Victor Mete, Tyson Barrie
Penalty Shots
Vincent Trocheck, Phil Kessel, Pavel Zacha, Joel Farabee, Brandon Hagel
Toronto Maple Leafs
5 vs 5 Forward
Center Left Wing Right Wing Time % Phy DF OF
1 Sam Bennett Brady Tkachuk Josh Bailey 40 1 2 2
2 Adam Henrique Andrew Mangiapane Kyle Okposo 30 1 2 2
3 Scott Laughton Trevor Zegras Troy Terry 20 1 2 2
4 Nicolas Roy Pierre Engvall Craig Smith 10 1 2 2
5 vs 5 Defense
Defense Defense Time % Phy DF OF
1 Dougie Hamilton Mario Ferraro 40 1 2 2
2 Colin Miller Cody Ceci 30 1 2 2
3 Luke Schenn Jonas Siegenthaler 20 1 2 2
4 Dougie Hamilton Cody Ceci 10 1 2 2
PowerPlay Forward
Center Left Wing Right Wing Time % Phy DF OF
1 Sam Bennett Brady Tkachuk Troy Terry 60 1 2 2
2 Adam Henrique Trevor Zegras Andrew Mangiapane 40 1 2 2
PowerPlay Defense
Defense Defense Time % Phy DF OF
1 Dougie Hamilton Jonas Siegenthaler 60 1 2 2
2 Cody Ceci Mario Ferraro 40 1 2 2
Penalty Kill 4 Players Forward
Center Wing Time % Phy DF OF
1 Scott Laughton Andrew Mangiapane 60 1 2 2
2 Nicolas Roy Pierre Engvall 40 1 2 2
Penalty Kill 4 Players Defense
Defense Defense Time % Phy DF OF
1 Mario Ferraro Cody Ceci 60 1 2 2
2 Dougie Hamilton Jonas Siegenthaler 40 1 2 2
Penalty Kill - 3 Players Forward
Forward Time % Phy DF OF
1 Scott Laughton 60 1 2 2
2 Nicolas Roy 40 1 2 2
Penalty Kill - 3 Players Defense
Defense Defense Time % Phy DF OF
1 Mario Ferraro Cody Ceci 60 1 2 2
2 Jonas Siegenthaler Dougie Hamilton 40 1 2 2
4 vs 4 Forward
Center Wing Time % Phy DF OF
1 Adam Henrique Andrew Mangiapane 60 1 2 2
2 Sam Bennett Brady Tkachuk 40 1 2 2
4 vs 4 Defense
Defense Defense Time % Phy DF OF
1 Jonas Siegenthaler Cody Ceci 60 1 2 2
2 Dougie Hamilton Mario Ferraro 40 1 2 2
Last Minutes Offensive
Center Left Wing Right Wing Defense Defense
Sam Bennett Brady Tkachuk Troy Terry Dougie Hamilton Colin Miller
Last Minutes Defensive
Center Left Wing Right Wing Defense Defense
Scott Laughton Andrew Mangiapane Kyle Okposo Mario Ferraro Cody Ceci
Goaltenders
Starting : Cam Talbot
Backup : James Reimer
Extra Forwards
Normal : Nicolas Roy, Craig Smith, Pierre Engvall - PP : Kyle Okposo, Josh Bailey - PK : Kyle Okposo
Extra Defensemen
Normal : Jonas Siegenthaler, Luke Schenn, Cody Ceci - PP : Jonas Siegenthaler - PK : Luke Schenn, Dougie Hamilton
Penalty Shots
Trevor Zegras, Dougie Hamilton, Nicolas Roy, Kyle Okposo, Josh Bailey
% Time on Ice - Boston Bruins
Lines # - Real PCT - Wanted PCT - Time Play
Normal Forward
1 - 28% - 40% - 13:47
2 - 30% - 30% - 14:39
3 - 26% - 20% - 12:46
4 - 16% - 10% - 7:55
Normal Defense
1 - 39% - 40% - 19:06
2 - 35% - 30% - 17:10
3 - 24% - 20% - 11:51
4 - 2% - 10% - 1:00
PP Forward
1 - 54% - 60% - 1:05
2 - 46% - 40% - 0:55
PP Defense
1 - 60% - 60% - 1:12
2 - 40% - 40% - 0:48
PK Forward
1 - 77% - 60% - 6:33
2 - 23% - 40% - 1:59
PK Defense
1 - 63% - 60% - 5:21
2 - 37% - 40% - 3:11
PK3 Forward
1 - 0% - 60%
2 - 0% - 40%
PK3 Defense
1 - 0% - 60%
2 - 0% - 40%
44 Forward
1 - 88% - 60% - 0:50
2 - 12% - 40% - 0:07
44 Defense
1 - 75% - 60% - 0:43
2 - 25% - 40% - 0:14
Last Minute Offensive - 0:21
Last Minute Defensive - 0:00
Total
Forward - 60:57
Defense - 60:57
|
% Time on Ice - Toronto Maple Leafs
Lines # - Real PCT - Wanted PCT - Time Play
Normal Forward
1 - 31% - 40% - 15:17
2 - 28% - 30% - 13:46
3 - 23% - 20% - 11:29
4 - 17% - 10% - 8:35
Normal Defense
1 - 39% - 40% - 19:04
2 - 31% - 30% - 15:16
3 - 27% - 20% - 13:02
4 - 4% - 10% - 1:45
PP Forward
1 - 59% - 60% - 5:02
2 - 41% - 40% - 3:30
PP Defense
1 - 64% - 60% - 5:27
2 - 36% - 40% - 3:05
PK Forward
1 - 78% - 60% - 1:33
2 - 23% - 40% - 0:27
PK Defense
1 - 54% - 60% - 1:05
2 - 46% - 40% - 0:55
PK3 Forward
1 - 0% - 60%
2 - 0% - 40%
PK3 Defense
1 - 0% - 60%
2 - 0% - 40%
44 Forward
1 - 86% - 60% - 0:49
2 - 14% - 40% - 0:08
44 Defense
1 - 86% - 60% - 0:49
2 - 14% - 40% - 0:08
Last Minute Offensive - 0:00
Last Minute Defensive - 0:21
Total
Forward - 60:57
Defense - 60:57
|
Play-by-Play
1st period
0:01 of 1st period - Vincent Trocheck wins face-off versus Josh Bailey in neutral zone.
0:32 of 1st period - Snap shot by Joel Farabee.
0:32 of 1st period - Deflect By Ryan Donato.
0:32 of 1st period - Shot Blocked by Andrew Mangiapane.
0:32 of 1st period - Puck is out of play.
0:33 of 1st period - Scott Laughton wins face-off versus Morgan Geekie in Toronto Maple Leafs zone.
0:44 of 1st period - Snap shot by Troy Terry.
0:44 of 1st period - Shot Misses the Net.
0:46 of 1st period - Slapshot by Scott Laughton.
0:46 of 1st period - Stopped by David Rittich with a rebound.
0:48 of 1st period - Slapshot by Cody Ceci.
0:48 of 1st period - Shot Blocked by Brandon Hagel.
1:04 of 1st period - Colin Miller is hit by Sean Durzi and loses puck.
1:37 of 1st period - Icing by Cody Ceci.
1:38 of 1st period - Vincent Trocheck wins face-off versus Sam Bennett in Toronto Maple Leafs zone.
2:05 of 1st period - Scott Laughton is hit by Charlie McAvoy.
3:16 of 1st period - Wrist shot by Sam Bennett.
3:16 of 1st period - Shot Misses the Net.
3:18 of 1st period - Snap shot by Sam Bennett.
3:18 of 1st period - Shot Misses the Net.
3:28 of 1st period - Snap shot by Trevor Zegras.
3:28 of 1st period - Stopped by David Rittich with a rebound.
3:30 of 1st period - Wrist shot by Troy Terry.
3:30 of 1st period - Stopped by David Rittich without a rebound.
3:31 of 1st period - Morgan Geekie wins face-off versus Scott Laughton in Boston Bruins zone.
4:42 of 1st period - Slapshot by Troy Terry.
4:42 of 1st period - Stopped by David Rittich without a rebound.
4:43 of 1st period - Vincent Trocheck wins face-off versus Sam Bennett in Boston Bruins zone.
6:09 of 1st period - Wrist shot by Danton Heinen.
6:09 of 1st period - Shot Misses the Net.
6:23 of 1st period - Ryan Donato is hit by Sam Bennett and loses puck.
8:00 of 1st period - Slapshot by Brady Tkachuk.
8:00 of 1st period - Stopped by David Rittich with a rebound.
8:18 of 1st period - Matt Grzelcyk is hit by Troy Terry and loses puck.
8:57 of 1st period - Snap shot by Anthony Beauvillier.
8:57 of 1st period - Shot Misses the Net.
9:31 of 1st period - Jonas Siegenthaler is hit by Ryan Donato and loses puck.
10:12 of 1st period - Snap shot by Andrew Mangiapane.
10:12 of 1st period - Shot Misses the Net.
10:14 of 1st period - Slapshot by Andrew Mangiapane.
10:14 of 1st period - Stopped by David Rittich with a rebound.
10:44 of 1st period - Charlie McAvoy is hit by Nicolas Roy.
10:59 of 1st period - Troy Terry is hit by Vincent Trocheck and loses puck.
11:13 of 1st period - Dougie Hamilton is hit by Pavel Zacha and loses puck.
12:49 of 1st period - Samuel Girard is hit by Colin Miller and loses puck.
13:31 of 1st period - Pavel Zacha is hit by Scott Laughton and loses puck.
13:51 of 1st period - Victor Mete is hit by Luke Schenn and loses puck.
14:06 of 1st period - Wrist shot by Adam Henrique.
14:06 of 1st period - Stopped by David Rittich with a rebound.
14:08 of 1st period - Slapshot by Dougie Hamilton.
14:08 of 1st period - Stopped by David Rittich with a rebound.
14:36 of 1st period - Brandon Hagel is hit by Sam Bennett and loses puck.
16:46 of 1st period - Wrist shot by Adam Henrique.
16:46 of 1st period - Stopped by David Rittich with a rebound.
16:48 of 1st period - Wrist shot by Kyle Okposo.
16:48 of 1st period - Shot Misses the Net.
16:50 of 1st period - Slapshot by Cody Ceci.
16:50 of 1st period - Stopped by David Rittich with a rebound.
16:52 of 1st period - Wrist shot by Andrew Mangiapane.
16:52 of 1st period - Stopped by David Rittich with a rebound.
16:54 of 1st period - Backhand shot by Kyle Okposo.
16:54 of 1st period - Stopped by David Rittich without a rebound.
16:55 of 1st period - Sam Bennett wins face-off versus Ryan Donato in Boston Bruins zone.
17:06 of 1st period - Slapshot by Joel Farabee.
17:06 of 1st period - Shot Misses the Net.
17:08 of 1st period - Snap shot by Joonas Donskoi.
17:08 of 1st period - Shot Misses the Net.
17:10 of 1st period - Wrist shot by Ryan Donato.
17:10 of 1st period - Shot Blocked by Colin Miller.
17:25 of 1st period - Wrist shot by Brandon Hagel.
17:25 of 1st period - Deflect By Brock McGinn.
17:25 of 1st period - Shot Blocked by Cody Ceci.
17:25 of 1st period - Puck is out of play.
17:26 of 1st period - Vincent Trocheck wins face-off versus Kyle Okposo in Toronto Maple Leafs zone.
17:27 of 1st period - Slapshot by Pavel Zacha.
17:27 of 1st period - Stopped by Cam Talbot without a rebound.
17:28 of 1st period - Sam Bennett wins face-off versus Vincent Trocheck in Toronto Maple Leafs zone.
17:28 of 1st period - Sam Bennett is hit by Vincent Trocheck.
18:23 of 1st period - Cody Ceci is hit by Morgan Geekie and loses puck.
18:56 of 1st period - Snap shot by Pierre Engvall.
18:56 of 1st period - Shot Blocked by Sean Durzi.
18:58 of 1st period - Wrist shot by Pierre Engvall.
18:58 of 1st period - Stopped by David Rittich with a rebound.
19:14 of 1st period - Luke Schenn is hit by Sean Durzi and loses puck.
19:21 of 1st period - Slapshot by Morgan Geekie.
19:21 of 1st period - Shot Misses the Net.
19:23 of 1st period - Snap shot by Brock McGinn.
19:23 of 1st period - Shot Blocked by Luke Schenn.
19:55 of 1st period - Josh Bailey is hit by Matt Grzelcyk and loses puck.
Goals for this period are 0 for Boston Bruins vs 0 for Toronto Maple Leafs.
Shots for this period are 1 for Boston Bruins vs 13 for Toronto Maple Leafs.
2nd period
0:01 of 2nd period - Sam Bennett wins face-off versus Vincent Trocheck in neutral zone.
0:12 of 2nd period - Wrist shot by Sam Bennett.
0:12 of 2nd period - Shot Misses the Net.
0:26 of 2nd period - Samuel Girard is hit by Dougie Hamilton and loses puck.
0:33 of 2nd period - Wrist shot by Kyle Okposo.
0:33 of 2nd period - Shot Misses the Net.
0:35 of 2nd period - Backhand shot by Andrew Mangiapane.
0:35 of 2nd period - Stopped by David Rittich without a rebound.
0:36 of 2nd period - Brady Tkachuk wins face-off versus Vincent Trocheck in Boston Bruins zone.
0:44 of 2nd period - Minor Penalty to Vincent Trocheck for Tripping.
0:45 of 2nd period - Sam Bennett wins face-off versus Anthony Beauvillier in Boston Bruins zone.
1:39 of 2nd period - Sean Durzi is hit by Troy Terry and loses puck.
2:44 of 2nd period - Penalty to Vincent Trocheck is over, Vincent Trocheck is back on ice.
2:46 of 2nd period - Morgan Geekie is hit by Adam Henrique and loses puck.
2:54 of 2nd period - Icing by Charlie McAvoy.
2:55 of 2nd period - Ryan Donato wins face-off versus Nicolas Roy in Boston Bruins zone.
3:08 of 2nd period - Wrist shot by Craig Smith.
3:08 of 2nd period - Stopped by David Rittich without a rebound.
3:09 of 2nd period - Sam Bennett wins face-off versus Vincent Trocheck in Boston Bruins zone.
3:10 of 2nd period - Slapshot by Brady Tkachuk.
3:10 of 2nd period - Shot Blocked by Tyson Barrie.
3:29 of 2nd period - Off-side.
3:30 of 2nd period - Adam Henrique wins face-off versus Morgan Geekie in neutral zone.
3:35 of 2nd period - Snap shot by Andrew Mangiapane.
3:35 of 2nd period - Stopped by David Rittich with a rebound.
3:45 of 2nd period - Wrist shot by Adam Henrique.
3:45 of 2nd period - Stopped by David Rittich without a rebound.
3:46 of 2nd period - Sam Bennett wins face-off versus Vincent Trocheck in Boston Bruins zone.
4:11 of 2nd period - Mario Ferraro is hit by Ryan Donato.
4:31 of 2nd period - Wrist shot by Brandon Hagel.
4:31 of 2nd period - Shot Blocked by Mario Ferraro.
4:35 of 2nd period - Slapshot by Brandon Hagel.
4:35 of 2nd period - Shot Blocked by Mario Ferraro.
4:50 of 2nd period - Snap shot by Vincent Trocheck.
4:50 of 2nd period - Stopped by Cam Talbot without a rebound.
4:51 of 2nd period - Sam Bennett wins face-off versus Vincent Trocheck in Toronto Maple Leafs zone.
4:57 of 2nd period - Minor Penalty to Charlie McAvoy for Hooking.
4:58 of 2nd period - Vincent Trocheck wins face-off versus Sam Bennett in Boston Bruins zone.
5:11 of 2nd period - Victor Mete is hit by Sam Bennett and loses puck.
5:36 of 2nd period - Snap shot by Joel Farabee.
5:36 of 2nd period - Shot Misses the Net.
6:57 of 2nd period - Penalty to Charlie McAvoy is over, Charlie McAvoy is back on ice.
7:20 of 2nd period - Snap shot by Phil Kessel.
7:20 of 2nd period - Stopped by Cam Talbot without a rebound.
7:21 of 2nd period - Nicolas Roy wins face-off versus Ryan Donato in Toronto Maple Leafs zone.
7:26 of 2nd period - Slapshot by Joel Farabee.
7:26 of 2nd period - Shot Misses the Net.
7:28 of 2nd period - Snap shot by Joel Farabee.
7:28 of 2nd period - Shot Misses the Net.
7:30 of 2nd period - Wrist shot by Joel Farabee.
7:30 of 2nd period - Goal by Joel Farabee - Boston Bruins : 1 - Toronto Maple Leafs : 0.
7:31 of 2nd period - Sam Bennett wins face-off versus Ryan Donato in neutral zone.
7:42 of 2nd period - Wrist shot by Sam Bennett.
7:42 of 2nd period - Shot Blocked by Ryan Donato.
7:44 of 2nd period - Wrist shot by Mario Ferraro.
7:44 of 2nd period - Shot Blocked by Joonas Donskoi.
7:54 of 2nd period - Minor Penalty to Charlie McAvoy for Roughing.
7:55 of 2nd period - Vincent Trocheck wins face-off versus Sam Bennett in Boston Bruins zone.
8:00 of 2nd period - Wrist shot by Samuel Girard.
8:00 of 2nd period - Deflect By Troy Terry.
8:00 of 2nd period - Stopped by Cam Talbot without a rebound.
8:01 of 2nd period - Sam Bennett wins face-off versus Vincent Trocheck in Toronto Maple Leafs zone.
8:28 of 2nd period - Wrist shot by Trevor Zegras.
8:28 of 2nd period - Deflect By Pavel Zacha.
8:28 of 2nd period - Stopped by David Rittich with a rebound.
8:30 of 2nd period - Slapshot by Jonas Siegenthaler.
8:30 of 2nd period - Goal by Jonas Siegenthaler - Boston Bruins : 1 - Toronto Maple Leafs : 1.
8:31 of 2nd period - Vincent Trocheck wins face-off versus Sam Bennett in neutral zone.
8:42 of 2nd period - Charlie McAvoy is hit by Sam Bennett and loses puck.
9:02 of 2nd period - Snap shot by Kyle Okposo.
9:02 of 2nd period - Stopped by David Rittich with a rebound.
9:04 of 2nd period - Snap shot by Mario Ferraro.
9:04 of 2nd period - Stopped by David Rittich with a rebound.
9:15 of 2nd period - Icing by Tyson Barrie.
9:16 of 2nd period - Morgan Geekie wins face-off versus Scott Laughton in Boston Bruins zone.
9:21 of 2nd period - Scott Laughton is hit by Brandon Hagel and loses puck.
9:47 of 2nd period - Minor Penalty to Charlie McAvoy for Holding.
9:48 of 2nd period - Sam Bennett wins face-off versus Vincent Trocheck in Boston Bruins zone.
9:50 of 2nd period - Snap shot by Sam Bennett.
9:50 of 2nd period - Stopped by David Rittich without a rebound.
9:51 of 2nd period - Vincent Trocheck wins face-off versus Sam Bennett in Boston Bruins zone.
11:21 of 2nd period - Victor Mete is hit by Adam Henrique and loses puck.
11:47 of 2nd period - Penalty to Charlie McAvoy is over, Charlie McAvoy is back on ice.
11:50 of 2nd period - Wrist shot by Brandon Hagel.
11:50 of 2nd period - Stopped by Cam Talbot with a rebound.
11:52 of 2nd period - Snap shot by Brock McGinn.
11:52 of 2nd period - Stopped by Cam Talbot without a rebound.
11:53 of 2nd period - Morgan Geekie wins face-off versus Nicolas Roy in Toronto Maple Leafs zone.
11:54 of 2nd period - Snap shot by Charlie McAvoy.
11:54 of 2nd period - Deflect By Pierre Engvall.
11:54 of 2nd period - Stopped by Cam Talbot with a rebound.
11:56 of 2nd period - Snap shot by Charlie McAvoy.
11:56 of 2nd period - Deflect By Morgan Geekie.
11:56 of 2nd period - Shot Misses the Net.
11:56 of 2nd period - Puck is out of play.
11:57 of 2nd period - Nicolas Roy wins face-off versus Morgan Geekie in Toronto Maple Leafs zone.
12:04 of 2nd period - Snap shot by Brandon Hagel.
12:04 of 2nd period - Deflect By Morgan Geekie.
12:04 of 2nd period - Shot Blocked by Nicolas Roy.
12:04 of 2nd period - Puck is out of play.
12:05 of 2nd period - Sam Bennett wins face-off versus Vincent Trocheck in Toronto Maple Leafs zone.
12:31 of 2nd period - Dougie Hamilton is hit by Samuel Girard and loses puck.
12:36 of 2nd period - Wrist shot by Ryan Donato.
12:36 of 2nd period - Stopped by Cam Talbot with a rebound.
12:42 of 2nd period - Slapshot by Ryan Donato.
12:42 of 2nd period - Stopped by Cam Talbot without a rebound.
12:43 of 2nd period - Sam Bennett wins face-off versus Morgan Geekie in Toronto Maple Leafs zone.
12:48 of 2nd period - Josh Bailey is hit by Sean Durzi.
13:12 of 2nd period - Wrist shot by Phil Kessel.
13:12 of 2nd period - Shot Blocked by Cody Ceci.
13:14 of 2nd period - Snap shot by Charlie McAvoy.
13:14 of 2nd period - Shot Blocked by Colin Miller.
13:16 of 2nd period - Slapshot by Pavel Zacha.
13:16 of 2nd period - Shot Blocked by Colin Miller.
13:18 of 2nd period - Wrist shot by Phil Kessel.
13:18 of 2nd period - Deflect By Vincent Trocheck.
13:18 of 2nd period - Shot Misses the Net.
13:18 of 2nd period - Puck is out of play.
13:19 of 2nd period - Adam Henrique wins face-off versus Vincent Trocheck in Toronto Maple Leafs zone.
13:19 of 2nd period - Adam Henrique is hit by Charlie McAvoy.
13:22 of 2nd period - Minor Penalty to Kyle Okposo for Goalie Interference.
13:23 of 2nd period - Vincent Trocheck wins face-off versus Scott Laughton in Toronto Maple Leafs zone.
13:49 of 2nd period - Joel Farabee is hit by Andrew Mangiapane and loses puck.
14:02 of 2nd period - Scott Laughton is hit by Phil Kessel.
15:08 of 2nd period - Slapshot by Nicolas Roy.
15:08 of 2nd period - Stopped by David Rittich without a rebound.
15:09 of 2nd period - Ryan Donato wins face-off versus Nicolas Roy in Boston Bruins zone.
15:22 of 2nd period - Penalty to Kyle Okposo is over, Kyle Okposo is back on ice.
15:36 of 2nd period - Sam Bennett is hit by Sean Durzi.
15:40 of 2nd period - Morgan Geekie is hit by Mario Ferraro and loses puck.
15:55 of 2nd period - Victor Mete is hit by Dougie Hamilton and loses puck.
16:24 of 2nd period - Danton Heinen is hit by Scott Laughton and loses puck.
16:47 of 2nd period - Victor Mete is hit by Andrew Mangiapane and loses puck.
17:19 of 2nd period - Snap shot by Nicolas Roy.
17:19 of 2nd period - Stopped by David Rittich with a rebound.
17:21 of 2nd period - Wrist shot by Pierre Engvall.
17:21 of 2nd period - Deflect By Craig Smith.
17:21 of 2nd period - Shot Misses the Net.
17:21 of 2nd period - Puck is out of play.
17:22 of 2nd period - Joonas Donskoi wins face-off versus Adam Henrique in Boston Bruins zone.
18:57 of 2nd period - Luke Schenn is hit by Charlie McAvoy and loses puck.
19:27 of 2nd period - Snap shot by Pierre Engvall.
19:27 of 2nd period - Stopped by David Rittich with a rebound.
19:44 of 2nd period - Matt Grzelcyk is hit by Brady Tkachuk.
Goals for this period are 1 for Boston Bruins vs 1 for Toronto Maple Leafs.
Shots for this period are 9 for Boston Bruins vs 12 for Toronto Maple Leafs.
3rd period
0:01 of 3rd period - Vincent Trocheck wins face-off versus Brady Tkachuk in neutral zone.
0:29 of 3rd period - Dougie Hamilton is hit by Joonas Donskoi.
0:45 of 3rd period - Mario Ferraro is hit by Sean Durzi and loses puck.
2:03 of 3rd period - Trevor Zegras is hit by Brandon Hagel and loses puck.
2:08 of 3rd period - Slapshot by Brandon Hagel.
2:08 of 3rd period - Stopped by Cam Talbot with a rebound.
3:17 of 3rd period - Tyson Barrie is hit by Brady Tkachuk and loses puck.
3:20 of 3rd period - Wrist shot by Anthony Beauvillier.
3:20 of 3rd period - Shot Blocked by Josh Bailey.
3:22 of 3rd period - Snap shot by Anthony Beauvillier.
3:22 of 3rd period - Shot Misses the Net.
3:36 of 3rd period - Andrew Mangiapane is hit by Morgan Geekie and loses puck.
3:44 of 3rd period - Minor Penalty to Sean Durzi for Slashing.
3:45 of 3rd period - Sam Bennett wins face-off versus Vincent Trocheck in Boston Bruins zone.
3:46 of 3rd period - Wrist shot by Brady Tkachuk.
3:46 of 3rd period - Shot Misses the Net.
3:48 of 3rd period - Wrist shot by Sam Bennett.
3:48 of 3rd period - Shot Misses the Net.
4:00 of 3rd period - Wrist shot by Brady Tkachuk.
4:00 of 3rd period - Deflect By Samuel Girard.
4:00 of 3rd period - Stopped by David Rittich without a rebound.
4:01 of 3rd period - Troy Terry wins face-off versus Vincent Trocheck in Boston Bruins zone.
5:26 of 3rd period - Dougie Hamilton is hit by Samuel Girard.
5:44 of 3rd period - Penalty to Sean Durzi is over, Sean Durzi is back on ice.
5:48 of 3rd period - Slapshot by Brandon Hagel.
5:48 of 3rd period - Stopped by Cam Talbot with a rebound.
5:50 of 3rd period - Slapshot by Matt Grzelcyk.
5:50 of 3rd period - Stopped by Cam Talbot with a rebound.
5:52 of 3rd period - Snap shot by Brock McGinn.
5:52 of 3rd period - Goal by Brock McGinn - Boston Bruins : 2 - Toronto Maple Leafs : 1.
5:53 of 3rd period - Adam Henrique wins face-off versus Vincent Trocheck in neutral zone.
5:56 of 3rd period - Snap shot by Adam Henrique.
5:56 of 3rd period - Shot Blocked by Samuel Girard.
5:58 of 3rd period - Slapshot by Cody Ceci.
5:58 of 3rd period - Stopped by David Rittich with a rebound.
6:00 of 3rd period - Snap shot by Adam Henrique.
6:00 of 3rd period - Goal by Adam Henrique - Boston Bruins : 2 - Toronto Maple Leafs : 2.
6:01 of 3rd period - Vincent Trocheck wins face-off versus Josh Bailey in neutral zone.
6:03 of 3rd period - Off-side.
6:04 of 3rd period - Sam Bennett wins face-off versus Vincent Trocheck in neutral zone.
6:19 of 3rd period - Backhand shot by Brady Tkachuk.
6:19 of 3rd period - Shot Blocked by Pavel Zacha.
6:21 of 3rd period - Backhand shot by Josh Bailey.
6:21 of 3rd period - Shot Blocked by Phil Kessel.
6:43 of 3rd period - Backhand shot by Joel Farabee.
6:43 of 3rd period - Stopped by Cam Talbot with a rebound.
6:55 of 3rd period - Slapshot by Dougie Hamilton.
6:55 of 3rd period - Stopped by David Rittich with a rebound.
6:57 of 3rd period - Snap shot by Trevor Zegras.
6:57 of 3rd period - Stopped by David Rittich with a rebound.
7:03 of 3rd period - Slapshot by Trevor Zegras.
7:03 of 3rd period - Shot Misses the Net.
7:05 of 3rd period - Slapshot by Scott Laughton.
7:05 of 3rd period - Stopped by David Rittich with a rebound.
7:49 of 3rd period - Pavel Zacha is hit by Nicolas Roy and loses puck.
8:06 of 3rd period - Snap shot by Ryan Donato.
8:06 of 3rd period - Shot Misses the Net.
8:08 of 3rd period - Snap shot by Matt Grzelcyk.
8:08 of 3rd period - Stopped by Cam Talbot with a rebound.
8:10 of 3rd period - Slapshot by Joel Farabee.
8:10 of 3rd period - Stopped by Cam Talbot with a rebound.
9:06 of 3rd period - Sean Durzi is hit by Trevor Zegras and loses puck.
9:19 of 3rd period - Wrist shot by Trevor Zegras.
9:19 of 3rd period - Stopped by David Rittich without a rebound.
9:20 of 3rd period - Ryan Donato wins face-off versus Sam Bennett in Boston Bruins zone.
9:27 of 3rd period - Snap shot by Joel Farabee.
9:27 of 3rd period - Shot Misses the Net.
9:51 of 3rd period - Snap shot by Andrew Mangiapane.
9:51 of 3rd period - Deflect By Adam Henrique.
9:51 of 3rd period - Shot Misses the Net.
9:51 of 3rd period - Puck is out of play.
9:52 of 3rd period - Adam Henrique wins face-off versus Ryan Donato in Boston Bruins zone.
10:31 of 3rd period - Snap shot by Andrew Mangiapane.
10:31 of 3rd period - Shot Misses the Net.
10:58 of 3rd period - Slapshot by Luke Schenn.
10:58 of 3rd period - Shot Blocked by Tyson Barrie.
11:00 of 3rd period - Snap shot by Adam Henrique.
11:00 of 3rd period - Goal by Adam Henrique - Boston Bruins : 2 - Toronto Maple Leafs : 3.
11:01 of 3rd period - Vincent Trocheck wins face-off versus Sam Bennett in neutral zone.
11:10 of 3rd period - Snap shot by Vincent Trocheck.
11:10 of 3rd period - Shot Blocked by Mario Ferraro.
11:12 of 3rd period - Slapshot by Charlie McAvoy.
11:12 of 3rd period - Shot Misses the Net.
11:28 of 3rd period - Mario Ferraro is hit by Joel Farabee and loses puck.
11:53 of 3rd period - Snap shot by Craig Smith.
11:53 of 3rd period - Shot Blocked by Victor Mete.
12:22 of 3rd period - Icing by Vincent Trocheck.
12:23 of 3rd period - Vincent Trocheck wins face-off versus Adam Henrique in Boston Bruins zone.
12:34 of 3rd period - Wrist shot by Joonas Donskoi.
12:34 of 3rd period - Shot Misses the Net.
14:09 of 3rd period - Wrist shot by Adam Henrique.
14:09 of 3rd period - Stopped by David Rittich without a rebound.
14:10 of 3rd period - Ryan Donato wins face-off versus Sam Bennett in Boston Bruins zone.
14:10 of 3rd period - Ryan Donato is hit by Sam Bennett.
14:16 of 3rd period - Wrist shot by Brady Tkachuk.
14:16 of 3rd period - Stopped by David Rittich without a rebound.
14:17 of 3rd period - Sam Bennett wins face-off versus Ryan Donato in Boston Bruins zone.
14:20 of 3rd period - Wrist shot by Josh Bailey.
14:20 of 3rd period - Shot Misses the Net.
14:22 of 3rd period - Snap shot by Josh Bailey.
14:22 of 3rd period - Shot Misses the Net.
14:35 of 3rd period - Minor Penalty to Sam Bennett for Holding.
14:36 of 3rd period - Vincent Trocheck wins face-off versus Scott Laughton in Toronto Maple Leafs zone.
14:36 of 3rd period - Snap shot by Phil Kessel.
14:36 of 3rd period - Goal by Phil Kessel - Boston Bruins : 3 - Toronto Maple Leafs : 3.
14:37 of 3rd period - Vincent Trocheck wins face-off versus Brady Tkachuk in neutral zone.
15:12 of 3rd period - Wrist shot by Andrew Mangiapane.
15:12 of 3rd period - Stopped by David Rittich with a rebound.
15:24 of 3rd period - Wrist shot by Charlie McAvoy.
15:24 of 3rd period - Shot Blocked by Luke Schenn.
15:48 of 3rd period - Snap shot by Pavel Zacha.
15:48 of 3rd period - Stopped by Cam Talbot without a rebound.
15:49 of 3rd period - Vincent Trocheck wins face-off versus Adam Henrique in Toronto Maple Leafs zone.
15:50 of 3rd period - Wrist shot by Phil Kessel.
15:50 of 3rd period - Deflect By Vincent Trocheck.
15:50 of 3rd period - Stopped by Cam Talbot without a rebound.
15:51 of 3rd period - Vincent Trocheck wins face-off versus Adam Henrique in Toronto Maple Leafs zone.
15:54 of 3rd period - Slapshot by Pavel Zacha.
15:54 of 3rd period - Shot Misses the Net.
15:56 of 3rd period - Backhand shot by Tyson Barrie.
15:56 of 3rd period - Stopped by Cam Talbot with a rebound.
15:58 of 3rd period - Wrist shot by Vincent Trocheck.
15:58 of 3rd period - Stopped by Cam Talbot without a rebound.
15:59 of 3rd period - Vincent Trocheck wins face-off versus Adam Henrique in Toronto Maple Leafs zone.
16:19 of 3rd period - Dougie Hamilton is hit by Sean Durzi and loses puck.
17:02 of 3rd period - Brady Tkachuk is hit by Pavel Zacha and loses puck.
17:21 of 3rd period - Brady Tkachuk is hit by Joonas Donskoi and loses puck.
18:08 of 3rd period - Snap shot by Trevor Zegras.
18:08 of 3rd period - Goal by Trevor Zegras - Boston Bruins : 3 - Toronto Maple Leafs : 4.
18:09 of 3rd period - Scott Laughton wins face-off versus Pavel Zacha in neutral zone.
18:18 of 3rd period - Wrist shot by Troy Terry.
18:18 of 3rd period - Stopped by David Rittich without a rebound.
18:19 of 3rd period - Trevor Zegras wins face-off versus Pavel Zacha in Boston Bruins zone.
18:30 of 3rd period - Slapshot by Troy Terry.
18:30 of 3rd period - Shot Misses the Net.
18:38 of 3rd period - Boston Bruins, David Rittich is pulled from the net.
18:44 of 3rd period - Snap shot by Phil Kessel.
18:44 of 3rd period - Shot Misses the Net.
18:46 of 3rd period - Slapshot by Charlie McAvoy.
18:46 of 3rd period - Deflect By Dougie Hamilton.
18:46 of 3rd period - Stopped by Cam Talbot with a rebound.
18:48 of 3rd period - Wrist shot by Pavel Zacha.
18:48 of 3rd period - Deflect By Mario Ferraro.
18:48 of 3rd period - Shot Blocked by Mario Ferraro.
18:48 of 3rd period - Puck is out of play.
18:49 of 3rd period - Ben Simon call a timeout for Boston Bruins.
18:49 of 3rd period - Scott Laughton wins face-off versus Vincent Trocheck in Toronto Maple Leafs zone.
18:56 of 3rd period - Phil Kessel is hit by Mario Ferraro and loses puck.
19:07 of 3rd period - Wrist shot by Phil Kessel.
19:07 of 3rd period - Shot Blocked by Cody Ceci.
19:09 of 3rd period - Snap shot by Pavel Zacha.
19:09 of 3rd period - Goal by Pavel Zacha - Boston Bruins : 4 - Toronto Maple Leafs : 4.
19:09 of 3rd period - David Rittich from Boston Bruins was sent back in the game.
19:10 of 3rd period - Ryan Donato wins face-off versus Troy Terry in neutral zone.
19:15 of 3rd period - Troy Terry is hit by Charlie McAvoy and loses puck.
19:26 of 3rd period - Wrist shot by Joel Farabee.
19:26 of 3rd period - Shot Misses the Net.
19:52 of 3rd period - Anthony Beauvillier is hit by Luke Schenn and loses puck.
Goals for this period are 3 for Boston Bruins vs 3 for Toronto Maple Leafs.
Shots for this period are 14 for Boston Bruins vs 13 for Toronto Maple Leafs.
Overtime #1
0:01 of 1st overtime period - Andrew Mangiapane wins face-off versus Vincent Trocheck in neutral zone.
0:10 of 1st overtime period - Slapshot by Charlie McAvoy.
0:10 of 1st overtime period - Deflect By Vincent Trocheck.
0:10 of 1st overtime period - Shot Misses the Net.
0:10 of 1st overtime period - Puck is out of play.
0:11 of 1st overtime period - Adam Henrique wins face-off versus Vincent Trocheck in Toronto Maple Leafs zone.
0:30 of 1st overtime period - Samuel Girard is hit by Adam Henrique and loses puck.
0:57 of 1st overtime period - Wrist shot by Pavel Zacha.
0:57 of 1st overtime period - Goal by Pavel Zacha - Boston Bruins : 5 - Toronto Maple Leafs : 4.
Goals for this period are 1 for Boston Bruins vs 0 for Toronto Maple Leafs.
Shots for this period are 1 for Boston Bruins vs 0 for Toronto Maple Leafs.
Back to the Top